[ AOE2 MATCH · #513475466 ]
UnrankedCumans vs Khitans
Player's team · WIN
Rival team · LOSS
[ REPLAY ANALYSIS · EXTRACTED FROM THE RECORDED GAME ]
Feudal
8:58
Castle
27:54
Imperial
—
| APM avg | 62.0 |
| APM peak | 93 |
| eAPM avg | 25.0 |
| Villagers / military | 60 / 50 |
Focus
⚔️ 37.4% · 🌾 62.6%
Archer ×32 · Scout Cavalry ×13 · Mangonel ×2 · Knight ×1 · Spearman ×1 · Battering Ram ×1
Feudal
11:25
Castle
25:47
Imperial
—
| APM avg | 63.1 |
| APM peak | 106 |
| eAPM avg | 30.9 |
| Villagers / military | 115 / 56 |
Focus
⚔️ 47.5% · 🌾 52.5%
Skirmisher ×17 · Cavalry Archer ×17 · Spearman ×10 · Archer ×8 · Militia ×4
Match map
Initial resources + every placement click. Lines = walls · curves = elevation contours. ◆ gold · ⬟ stone · ● berries · ✦ relic · ◌ wall gap
Your base· Open — unwalled flank
LaZZe's base· Open — 2t gap
Smoothed initial terrain · ◌ = detected wall gap · hover for details
Inputs per minute
— Vikingo - - LaZZe
Build order — Vikingo
First 150 of 198 actions detected
| 0:01 | Queue | Villager (Male) |
| 0:01 | Build | House |
| 0:02 | Build | House |
| 0:13 | Queue | Villager (Male) |
| 0:18 | Queue | Villager (Male) |
| 0:25 | Queue | Villager (Male) |
| 1:23 | Queue | Villager (Male) |
| 1:23 | Queue | Villager (Male) |
| 1:41 | Build | Lumber Camp |
| 2:03 | Queue | Villager (Male) |
| 2:38 | Queue | Villager (Male) |
| 2:38 | Queue | Villager (Male) |
| 2:38 | Queue | Villager (Male) |
| 2:39 | Queue | Villager (Male) |
| 3:13 | Queue | Villager (Male) |
| 3:13 | Queue | Villager (Male) |
| 3:35 | Queue | Villager (Male) |
| 3:36 | Queue | Villager (Male) |
| 4:02 | Build | House |
| 4:11 | Queue | Villager (Male) |
| 4:32 | Queue | Villager (Male) |
| 4:40 | Queue | Villager (Male) |
| 5:05 | Queue | Villager (Male) |
| 5:12 | Queue | Villager (Male) |
| 5:26 | Queue | Villager (Male) |
| 5:31 | Queue | Villager (Male) |
| 5:44 | Build | Mill |
| 6:47 | Research | Feudal Age |
| 7:57 | Build | Barracks |
| 8:08 | Build | House |
| 8:14 | Build | Palisade Wall |
| 8:48 | Build | Palisade Wall |
| 8:50 | Build | Palisade Wall |
| 8:51 | Build | Palisade Wall |
| 8:55 | Build | Palisade Wall |
| 8:56 | Build | Palisade Wall |
| 8:58 | Build | Palisade Wall |
| 8:58 | Age | Feudal Age |
| 9:00 | Build | Palisade Wall |
| 9:02 | Build | Palisade Wall |
| 9:07 | Queue | Spearman |
| 9:08 | Build | Stable |
| 9:09 | Queue | Villager (Male) |
| 9:19 | Queue | Villager (Male) |
| 9:21 | Build | Palisade Wall |
| 9:37 | Queue | Villager (Male) |
| 9:42 | Research | Double-Bit Axe |
| 9:45 | Build | Archery Range |
| 9:52 | Queue | Villager (Male) |
| 9:54 | Queue | Scout Cavalry |
| 9:54 | Queue | Scout Cavalry |
| 9:58 | Research | Loom |
| 10:22 | Queue | Scout Cavalry |
| 10:24 | Queue | Villager (Male) |
| 10:26 | Build | Mining Camp |
| 10:45 | Queue | Archer |
| 10:50 | Build | House |
| 11:04 | Build | Palisade Gate |
| 11:09 | Build | House |
| 11:11 | Build | House |
| 11:22 | Queue | Archer |
| 11:28 | Queue | Scout Cavalry |
| 11:35 | Queue | Villager (Male) |
| 11:35 | Queue | Villager (Male) |
| 12:03 | Queue | Archer |
| 12:05 | Queue | Villager (Male) |
| 12:07 | Build | Farm |
| 12:08 | Build | Farm |
| 12:30 | Queue | Archer |
| 12:44 | Queue | Villager (Male) |
| 12:46 | Build | Farm |
| 12:48 | Build | Blacksmith |
| 12:56 | Build | House |
| 13:07 | Queue | Archer |
| 13:20 | Build | Farm |
| 13:21 | Queue | Villager (Male) |
| 13:22 | Queue | Villager (Male) |
| 13:22 | Queue | Villager (Male) |
| 13:55 | Queue | Scout Cavalry |
| 13:55 | Queue | Archer |
| 13:55 | Queue | Villager (Male) |
| 13:56 | Build | Farm |
| 13:58 | Queue | Villager (Male) |
| 14:00 | Build | House |
| 14:14 | Queue | Archer |
| 14:17 | Build | Farm |
| 14:29 | Queue | Archer |
| 14:32 | Queue | Scout Cavalry |
| 14:36 | Build | Farm |
| 14:38 | Build | House |
| 14:42 | Queue | Villager (Male) |
| 14:46 | Build | House |
| 15:31 | Queue | Archer |
| 15:31 | Queue | Villager (Male) |
| 15:33 | Build | Farm |
| 15:35 | Build | Blacksmith |
| 16:08 | Queue | Villager (Male) |
| 16:10 | Build | Farm |
| 16:11 | Build | Farm |
| 16:13 | Queue | Scout Cavalry |
| 16:24 | Research | Fletching |
| 16:24 | Research | Fletching |
| 16:25 | Queue | Scout Cavalry |
| 16:28 | Queue | Villager (Male) |
| 16:40 | Queue | Villager (Male) |
| 16:46 | Build | Palisade Wall |
| 16:49 | Queue | Archer |
| 16:50 | Queue | Scout Cavalry |
| 16:54 | Build | Farm |
| 17:29 | Research | Bloodlines |
| 17:29 | Research | Bloodlines |
| 17:52 | Queue | Villager (Male) |
| 17:52 | Queue | Archer |
| 18:31 | Build | Watch Tower |
| 18:32 | Queue | Villager (Male) |
| 18:35 | Build | Mining Camp |
| 19:06 | Queue | Archer |
| 19:06 | Queue | Scout Cavalry |
| 19:07 | Queue | Villager (Male) |
| 19:09 | Queue | Villager (Male) |
| 19:15 | Build | House |
| 19:27 | Research | Scale Barding Armor |
| 19:27 | Research | Scale Barding Armor |
| 19:32 | Build | Farm |
| 19:41 | Build | Watch Tower |
| 19:54 | Queue | Villager (Male) |
| 19:57 | Build | Farm |
| 19:58 | Queue | Villager (Male) |
| 20:48 | Queue | Archer |
| 20:48 | Queue | Scout Cavalry |
| 20:49 | Queue | Villager (Male) |
| 20:50 | Build | Farm |
| 20:51 | Build | Farm |
| 20:52 | Build | Farm |
| 20:53 | Build | Farm |
| 20:54 | Queue | Villager (Male) |
| 20:58 | Build | Palisade Wall |
| 21:00 | Build | House |
| 21:31 | Build | Palisade Wall |
| 21:36 | Queue | Archer |
| 21:36 | Queue | Villager (Male) |
| 21:39 | Build | Archery Range |
| 21:41 | Queue | Villager (Male) |
| 22:12 | Queue | Archer |
| 22:17 | Queue | Villager (Male) |
| 22:18 | Build | Farm |
| 22:52 | Queue | Villager (Male) |
| 22:57 | Build | Palisade Wall |
| 22:58 | Queue | Archer |
| 22:59 | Queue | Archer |
Build order — LaZZe
First 150 of 238 actions detected
| 0:00 | Queue | Villager (Male) |
| 0:01 | Queue | Villager (Male) |
| 0:01 | Queue | Villager (Male) |
| 0:02 | Build | House |
| 0:04 | Build | House |
| 0:15 | Queue | Villager (Male) |
| 1:22 | Queue | Villager (Male) |
| 1:22 | Queue | Villager (Male) |
| 1:54 | Build | Lumber Camp |
| 1:59 | Queue | Villager (Male) |
| 1:59 | Queue | Villager (Male) |
| 2:12 | Queue | Villager (Male) |
| 2:43 | Queue | Villager (Male) |
| 3:03 | Queue | Villager (Male) |
| 3:29 | Queue | Villager (Male) |
| 3:46 | Queue | Villager (Male) |
| 3:50 | Build | House |
| 4:21 | Queue | Villager (Male) |
| 4:33 | Build | Barracks |
| 4:37 | Queue | Villager (Male) |
| 5:01 | Build | House |
| 5:05 | Queue | Villager (Male) |
| 5:26 | Queue | Militia |
| 5:27 | Queue | Militia |
| 5:32 | Queue | Villager (Male) |
| 5:46 | Build | House |
| 5:48 | Build | Palisade Wall |
| 5:52 | Queue | Militia |
| 5:57 | Queue | Villager (Male) |
| 6:17 | Queue | Militia |
| 6:25 | Queue | Villager (Male) |
| 6:40 | Build | Palisade Wall |
| 6:46 | Build | Mill |
| 6:52 | Queue | Villager (Male) |
| 7:09 | Queue | Villager (Male) |
| 7:35 | Build | Pasture |
| 7:37 | Queue | Villager (Male) |
| 8:07 | Build | House |
| 8:47 | Queue | Villager (Male) |
| 9:14 | Build | Pasture |
| 9:15 | Research | Feudal Age |
| 9:51 | Build | Palisade Wall |
| 10:03 | Build | Lumber Camp |
| 10:33 | Build | Palisade Wall |
| 10:45 | Build | Palisade Wall |
| 10:47 | Research | Loom |
| 10:51 | Build | Palisade Wall |
| 11:19 | Queue | Villager (Male) |
| 11:25 | Age | Feudal Age |
| 11:30 | Build | Archery Range |
| 11:33 | Build | Mining Camp |
| 11:34 | Queue | Villager (Male) |
| 11:37 | Queue | Spearman |
| 11:45 | Research | Double-Bit Axe |
| 11:45 | Research | Double-Bit Axe |
| 11:45 | Queue | Villager (Male) |
| 12:08 | Queue | Villager (Male) |
| 12:13 | Queue | Skirmisher |
| 12:13 | Queue | Skirmisher |
| 12:18 | Build | Palisade Wall |
| 12:20 | Queue | Villager (Male) |
| 12:25 | Build | Pasture |
| 12:25 | Queue | Villager (Male) |
| 12:28 | Queue | Spearman |
| 12:41 | Queue | Spearman |
| 12:42 | Queue | Villager (Male) |
| 12:57 | Queue | Skirmisher |
| 13:09 | Queue | Spearman |
| 13:17 | Build | Pasture |
| 13:26 | Queue | Skirmisher |
| 13:35 | Build | House |
| 13:36 | Queue | Villager (Male) |
| 13:54 | Queue | Villager (Male) |
| 13:59 | Queue | Villager (Male) |
| 14:05 | Research | Town Watch |
| 14:05 | Queue | Villager (Male) |
| 14:08 | Build | House |
| 14:17 | Queue | Skirmisher |
| 14:20 | Build | Pasture |
| 14:20 | Queue | Villager (Male) |
| 14:26 | Queue | Villager (Male) |
| 14:29 | Queue | Villager (Male) |
| 14:32 | Build | House |
| 14:34 | Research | Wheelbarrow |
| 14:43 | Queue | Skirmisher |
| 14:51 | Queue | Villager (Male) |
| 14:53 | Queue | Villager (Male) |
| 15:00 | Queue | Archer |
| 15:01 | Queue | Archer |
| 15:33 | Build | Pasture |
| 15:35 | Queue | Archer |
| 15:40 | Queue | Villager (Male) |
| 15:44 | Queue | Villager (Male) |
| 15:53 | Queue | Villager (Male) |
| 15:55 | Build | House |
| 15:55 | Queue | Villager (Male) |
| 15:57 | Build | Palisade Wall |
| 15:57 | Queue | Villager (Male) |
| 16:01 | Queue | Villager (Male) |
| 16:06 | Build | Palisade Gate |
| 16:06 | Queue | Villager (Male) |
| 16:12 | Queue | Archer |
| 16:21 | Build | Blacksmith |
| 16:22 | Queue | Villager (Male) |
| 16:44 | Queue | Skirmisher |
| 16:46 | Queue | Villager (Male) |
| 16:53 | Queue | Archer |
| 16:53 | Queue | Archer |
| 16:56 | Research | Fletching |
| 16:56 | Research | Fletching |
| 16:57 | Queue | Villager (Male) |
| 17:03 | Queue | Villager (Male) |
| 17:15 | Queue | Villager (Male) |
| 17:17 | Queue | Archer |
| 17:22 | Research | Padded Archer Armor |
| 17:23 | Queue | Skirmisher |
| 17:27 | Build | Pasture |
| 17:28 | Queue | Villager (Male) |
| 17:30 | Queue | Villager (Male) |
| 17:52 | Queue | Archer |
| 17:55 | Queue | Villager (Male) |
| 18:11 | Queue | Villager (Male) |
| 18:30 | Build | Archery Range |
| 18:30 | Queue | Villager (Male) |
| 18:37 | Build | Watch Tower |
| 18:39 | Queue | Villager (Male) |
| 18:46 | Queue | Villager (Male) |
| 18:54 | Queue | Villager (Male) |
| 18:56 | Queue | Spearman |
| 18:57 | Build | Pasture |
| 18:58 | Queue | Villager (Male) |
| 18:59 | Queue | Villager (Male) |
| 19:02 | Queue | Villager (Male) |
| 19:06 | Queue | Villager (Male) |
| 19:08 | Queue | Villager (Male) |
| 19:12 | Queue | Villager (Male) |
| 19:18 | Build | Pasture |
| 19:18 | Queue | Villager (Male) |
| 19:19 | Queue | Skirmisher |
| 19:23 | Queue | Villager (Male) |
| 19:29 | Queue | Villager (Male) |
| 19:31 | Queue | Villager (Male) |
| 19:36 | Queue | Villager (Male) |
| 19:44 | Queue | Skirmisher |
| 19:44 | Queue | Skirmisher |
| 19:52 | Queue | Skirmisher |
| 19:52 | Queue | Skirmisher |
| 19:54 | Queue | Villager (Male) |
| 19:57 | Queue | Spearman |
| 20:05 | Queue | Villager (Male) |
Match timeline
| 4:33 | LaZZe · first_building Barracks |
| 5:48 | LaZZe · wall_segment Palisade Wall x4 |
| 6:40 | LaZZe · wall_segment Palisade Wall x9 |
| 7:57 | Vikingo · first_building Barracks |
| 8:14 | Vikingo · wall_segment Palisade Wall x1 |
| 8:48 | Vikingo · wall_segment Palisade Wall x1 |
| 8:50 | Vikingo · wall_segment Palisade Wall x1 |
| 8:51 | Vikingo · wall_segment Palisade Wall x1 |
| 8:55 | Vikingo · wall_segment Palisade Wall x1 |
| 8:56 | Vikingo · wall_segment Palisade Wall x1 |
| 8:58 | Vikingo · wall_segment Palisade Wall x1 |
| 8:58 | Vikingo · age_up feudal |
| 9:00 | Vikingo · wall_segment Palisade Wall x1 |
| 9:02 | Vikingo · wall_segment Palisade Wall x1 |
| 9:08 | Vikingo · first_building Stable |
| 9:21 | Vikingo · wall_segment Palisade Wall x3 |
| 9:45 | Vikingo · first_building Archery Range |
| 9:51 | LaZZe · wall_segment Palisade Wall x4 |
| 10:33 | LaZZe · wall_segment Palisade Wall x11 |
| 10:45 | LaZZe · wall_segment Palisade Wall x13 |
| 10:51 | LaZZe · wall_segment Palisade Wall x1 |
| 11:25 | LaZZe · age_up feudal |
| 11:30 | LaZZe · first_building Archery Range |
| 12:18 | LaZZe · wall_segment Palisade Wall x12 |
| 15:57 | LaZZe · wall_segment Palisade Wall x1 |
| 16:46 | Vikingo · wall_segment Palisade Wall x1 |
| 20:58 | Vikingo · wall_segment Palisade Wall x1 |
| 21:31 | Vikingo · wall_segment Palisade Wall x1 |
| 21:47 | LaZZe · first_market_sell 100 food |
| 22:19 | LaZZe · wall_segment Palisade Wall x1 |
| 22:28 | LaZZe · wall_segment Palisade Wall x1 |
| 22:57 | Vikingo · wall_segment Palisade Wall x1 |
| 23:01 | LaZZe · wall_segment Palisade Wall x1 |
| 23:13 | LaZZe · first_market_buy 100 stone |
| 25:12 | Vikingo · first_market_buy 100 food |
| 25:47 | LaZZe · age_up castle |
| 26:43 | Vikingo · first_building Siege Workshop |
| 27:54 | Vikingo · age_up castle |
| 31:03 | LaZZe · resign |
[ AI ANALYSIS · 1 CREDIT ]
What really happened in this match?
Wolo.gg analyzes every decision: build order, eco, micro, common mistakes by bracket. Personalized analysis on WhatsApp or Discord in 30 seconds.
Civ guide
Cumans
Perfil
Carlo Magno